[Event "ICC tourney 2556 (25 5)"]
[Site "Internet Chess Club"]
[Date "2021.05.08"]
[Round "1"]
[White "SASTRY, ARUSH:K05-30017444"]
[Black "AUSTIN YIM, ZACHERY:K05-16198943"]
[Result "0-1"]
[ICCResult "White checkmated"]
[WhiteElo "381"]
[BlackElo "1101"]
[Opening "Old Benoni defense"]
[ECO "A43"]
[NIC "OI.09"]
[Time "11:31:12"]
[PlyCount "130"]
[TimeControl "1500+5"]

1. d4 c5 2. c3 d6 3. dxc5 dxc5 4. Qxd8+ Kxd8 5. Nf3 Nf6 6. e3 g6 7. Ng5 Ke8
8. Bc4 Bh6 9. Nxf7 b5 10. Bxb5+ Kxf7 11. Bc4+ e6 12. O-O Nbd7 13. Nd2 Nb6
14. Bb3 Bb7 15. Nc4 Rad8 16. Nxb6 axb6 17. Re1 Rd7 18. Bc2 Be4 19. Bxe4
Nxe4 20. f3 Nf6 21. e4 Bg7 22. e5 Ng8 23. Bg5 Ne7 24. Rad1 Rhd8 25. Rc1 Nc6
26. Bxd8 Rxd8 27. Rcd1 Rxd1 28. Rxd1 Nxe5 29. f4 Nc4 30. Rd7+ Kf6 31. g4 g5
32. fxg5+ Kg6 33. h4 Be5 34. h5+ Kxg5 35. Rxh7 Kxg4 36. h6 Kh5 37. b3 Ne3
38. c4 Bc3 39. Re7 Nf5 40. Rxe6 Bd4+ 41. Kg2 Nh4+ 42. Kh3 Nf3 43. h7 Ng5+
44. Kg3 Nxe6 45. a3 Kh6 46. b4 cxb4 47. axb4 Kxh7 48. Kf3 Bc3 49. c5 b5 50.
c6 Bxb4 51. Ke4 Kg7 52. Ke5 Kf7 53. Kd5 Ke7 54. Ke5 Nc7 55. Kd4 Kd6 56. Ke4
Kxc6 57. Kd3 Nd5 58. Kd4 Bc3+ 59. Kd3 b4 60. Kc4 Kd6 61. Kd3 Kc5 62. Kc2
Kc4 63. Kb1 Kb3 64. Kc1 Bb2+ 65. Kb1 Nc3# { White checkmated } 0-1

[Event "ICC tourney 2556 (25 5)"]
[Site "Internet Chess Club"]
[Date "2021.05.08"]
[Round "1"]
[White "GUDI, KEERTHANA:K05-16551243"]
[Black "XIA, RUOXIAO:K05-16025390"]
[Result "0-1"]
[ICCResult "White resigns"]
[WhiteElo "843"]
[BlackElo "1921"]
[Opening "Sicilian defense"]
[ECO "B20"]
[NIC "SI.48"]
[Time "11:33:13"]
[PlyCount "46"]
[TimeControl "1500+5"]

1. e4 c5 2. Bc4 e6 3. Nc3 a6 4. a3 b5 5. Ba2 Bb7 6. d3 Nc6 7. Nf3 Be7 8.
Be3 Nf6 9. h3 d5 10. exd5 exd5 11. d4 c4 12. b4 O-O 13. O-O Qb6 14. Bg5
Rfd8 15. Ne2 a5 16. c3 axb4 17. cxb4 Rxa3 18. Bc1 Ra6 19. Bb2 Nxb4 20. Nc3
Rda8 21. Qb1 Nd3 22. Qc2 b4 23. Ne2 Rxa2 { White resigns } 0-1

[Event "ICC tourney 2556 (25 5)"]
[Site "Internet Chess Club"]
[Date "2021.05.08"]
[Round "1"]
[White "WONG, WYATT:K05-17016313"]
[Black "YUXIN ZHANG, SOPHIA:K05-16473046"]
[Result "1-0"]
[ICCResult "Black checkmated"]
[WhiteElo "1439"]
[BlackElo "664"]
[Opening "Giuoco Pianissimo"]
[ECO "C50"]
[NIC "IG.02"]
[Time "11:31:38"]
[PlyCount "127"]
[TimeControl "1500+5"]

1. e4 e5 2. Nf3 Nc6 3. Bc4 Bc5 4. d3 Nf6 5. c3 O-O 6. a4 h6 7. b4 Bd6 8.
O-O Be7 9. Nbd2 d6 10. Re1 Bg4 11. Nf1 Nh7 12. Ne3 Bh5 13. Nf5 Ng5 14. Bxg5
Bxg5 15. a5 Ne7 16. Nxe7+ Qxe7 17. d4 Qf6 18. dxe5 dxe5 19. Be2 Bf4 20. Qc2
Rad8 21. Rad1 Bxf3 22. Bxf3 Qg5 23. g3 Bd2 24. Re2 Bxc3 25. Rxd8 Rxd8 26.
Qxc3 Rd1+ 27. Re1 Rxe1+ 28. Qxe1 Qd8 29. Qc3 b6 30. Qxe5 a6 31. axb6 cxb6
32. Qd5 Qxd5 33. exd5 a5 34. bxa5 bxa5 35. d6 Kf8 36. Bd5 f6 37. Kf1 Ke8
38. Be6 Kd8 39. Ke2 a4 40. Kd3 a3 41. Kd4 g5 42. Ba2 f5 43. Ke5 Kd7 44.
Kxf5 Kxd6 45. Kg6 Ke5 46. Kxh6 Kf5 47. Kh5 Kf6 48. g4 Ke5 49. Kxg5 Ke4 50.
h4 Kf3 51. h5 Kxf2 52. h6 Ke2 53. h7 Kd2 54. h8=Q Kc2 55. Qa1 Kd2 56. Bb3
Ke3 57. Qxa3 Ke2 58. Bc4+ Kf2 59. Qd3 Kg2 60. Bd5+ Kf2 61. Kf4 Ke1 62. Bf3
Kf2 63. Qe2+ Kg1 64. Qg2# { Black checkmated } 1-0

[Event "ICC tourney 2556 (25 5)"]
[Site "Internet Chess Club"]
[Date "2021.05.08"]
[Round "1"]
[White "JAYESH GANDHI, REYANSH:K05-16772340"]
[Black "JAVERI, ARHAN:K05-16378223"]
[Result "0-1"]
[ICCResult "White checkmated"]
[WhiteElo "721"]
[BlackElo "1495"]
[Opening "Caro-Kann: Hillbilly attack"]
[ECO "B10"]
[NIC "CK.01"]
[Time "11:57:13"]
[PlyCount "68"]
[TimeControl "1500+5"]

1. e4 c6 2. Bc4 d5 3. exd5 cxd5 4. Bb5+ Nc6 5. Qf3 Nf6 6. Nc3 Bg4 7. Qd3
Rc8 8. h3 Bh5 9. g4 Bg6 10. Qf3 e6 11. g5 Ne4 12. h4 Nxc3 13. Qxc3 Bf5 14.
Nf3 a6 15. Ba4 b5 16. Bb3 Bb4 17. Qxg7 Kd7 18. Qxf7+ Be7 19. d3 Rf8 20. Qh5
Bg6 21. Qg4 Bb4+ 22. Bd2 Bxd2+ 23. Nxd2 Bf5 24. Qh5 Ne5 25. O-O-O Bg4 26.
Qxh7+ Rf7 27. Qh6 Bxd1 28. Rxd1 Ng4 29. Qg6 Qf8 30. Qh5 Nxf2 31. Rf1 Nxd3+
32. Kb1 Rxf1+ 33. Nxf1 Qxf1+ 34. Qd1 Qxd1# { White checkmated } 0-1

[Event "ICC tourney 2556 (25 5)"]
[Site "Internet Chess Club"]
[Date "2021.05.08"]
[Round "1"]
[White "CHEN, JOCELYN:K05-15671677"]
[Black "PALAVALASA, YATHIN:K05-16801353"]
[Result "1-0"]
[ICCResult "Black forfeits on time"]
[WhiteElo "1775"]
[BlackElo "825"]
[Opening "Ruy Lopez: old Steinitz defense"]
[ECO "C62"]
[NIC "RL.02"]
[Time "11:30:42"]
[PlyCount "95"]
[TimeControl "1500+5"]

1. e4 e5 2. Nf3 Nc6 3. Bb5 d6 4. Bxc6+ bxc6 5. d3 Nf6 6. h3 Be6 7. Be3 h6
8. Nbd2 d5 9. Nxe5 Bd7 10. Nxd7 Qxd7 11. e5 Ng8 12. d4 Be7 13. Nb3 Qd8 14.
Na5 Bb4+ 15. Bd2 Bxa5 16. Bxa5 Ne7 17. Qg4 Rg8 18. O-O-O Qd7 19. Qxd7+ Kxd7
20. Rhe1 Rab8 21. f4 Rb5 22. Bc3 c5 23. dxc5 Rxc5 24. Bb4 Rc4 25. Bxe7 Kxe7
26. Rxd5 Rxf4 27. Red1 Ke6 28. c3 Rf2 29. R5d2 Rf5 30. Re2 Rxe5 31. Rxe5+
Kxe5 32. Rd7 Kf6 33. Rxc7 Re8 34. Rd7 a6 35. Kd2 a5 36. Rd5 a4 37. Rd4 Ra8
38. Kc2 a3 39. b3 Re8 40. b4 Re2+ 41. Rd2 Rxd2+ 42. Kxd2 g5 43. c4 Ke5 44.
Ke3 f5 45. Kf3 Kd4 46. b5 Kc5 47. Ke3 h5 48. g3 { Black forfeits on time }
1-0

[Event "ICC tourney 2556 (25 5)"]
[Site "Internet Chess Club"]
[Date "2021.05.08"]
[Round "1"]
[White "JAIN, DARSH:K05-30103038"]
[Black "SRIPATHY RAO, ANJANEYA:K05-16442373"]
[Result "0-1"]
[ICCResult "White checkmated"]
[WhiteElo "836"]
[BlackElo "1907"]
[Opening "Sicilian: Alapin's variation (2.c3)"]
[ECO "B22"]
[NIC "SI.46"]
[Time "11:32:26"]
[PlyCount "120"]
[TimeControl "1500+5"]

1. e4 c5 2. c3 d5 3. d4 dxe4 4. dxc5 Qxd1+ 5. Kxd1 e5 6. Bc4 Bxc5 7. Nd2
Nf6 8. Ke2 O-O 9. Nb3 Bb6 10. Be3 Bxe3 11. Kxe3 Nc6 12. Nc5 Bf5 13. Ne2 Na5
14. Bb3 b6 15. Ng3 bxc5 16. Nxf5 g6 17. Ng3 Nxb3 18. axb3 Ng4+ 19. Ke2 f5
20. f3 exf3+ 21. gxf3 Nf6 22. Rhd1 f4 23. Ne4 Nxe4 24. fxe4 Rf7 25. Kf3 Rb8
26. Ra3 Rfb7 27. Rd5 Rxb3 28. Rxb3 Rxb3 29. Rxe5 Rxb2 30. h4 Rh2 31. Rxc5
Rxh4 32. Rc8+ Kf7 33. Rc7+ Kf6 34. Rxa7 g5 35. Ra6+ Kg7 36. c4 Rh3+ 37. Kg4
Rg3+ 38. Kf5 f3 39. Ra1 g4 40. Kf4 Rg2 41. Ra7+ Kg6 42. Ra1 f2 43. Rf1 g3
44. Kf3 Rg1 45. Rxf2 gxf2 46. Kxf2 Rc1 47. e5 Rxc4 48. e6 Kf6 49. e7 Kxe7
50. Ke3 h5 51. Kd3 Rf4 52. Ke3 Rf6 53. Ke4 h4 54. Kd5 h3 55. Kd4 h2 56. Kc5
h1=Q 57. Kc4 Qe4+ 58. Kb5 Rc6 59. Ka5 Qb1 60. Ka4 Ra6# { White checkmated }
0-1

[Event "ICC tourney 2556 (25 5)"]
[Site "Internet Chess Club"]
[Date "2021.05.08"]
[Round "1"]
[White "GURPUR MADKE PRABHU, TANYA:K05-16349446"]
[Black "JOSHI, OM:K05-30018177"]
[Result "1-0"]
[ICCResult "Black resigns"]
[WhiteElo "1264"]
[BlackElo "540"]
[Opening "Sicilian"]
[ECO "B50"]
[NIC "SI.01"]
[Time "11:31:43"]
[PlyCount "119"]
[TimeControl "1500+5"]

1. e4 c5 2. Nf3 d6 3. Nc3 e6 4. Be2 Nc6 5. d3 h6 6. Bd2 a6 7. a3 Nf6 8. Na2
a5 9. c3 d5 10. e5 Nd7 11. d4 Qb6 12. Bc1 a4 13. O-O Be7 14. Rb1 Qb3 15.
Ra1 Qxd1 16. Rxd1 Na5 17. Rb1 Nb3 18. Bf4 g5 19. Be3 b6 20. Bb5 Ra5 21. Be2
Ba6 22. Bxa6 Rxa6 23. Nc1 c4 24. Nxb3 axb3 25. Ra1 b5 26. h3 Nb6 27. Rd2
Na4 28. Nh2 Rg8 29. Re2 h5 30. f3 f5 31. Bc1 g4 32. fxg4 fxg4 33. hxg4 hxg4
34. Bf4 Bg5 35. Bxg5 Rxg5 36. Rf1 Ra7 37. Ref2 Rg8 38. Nxg4 Rh8 39. Nf6+
Ke7 40. Nxd5+ Ke8 41. Nf6+ Ke7 42. Ng8+ Kd8 43. Rf8+ Kc7 44. R1f7+ Kb6 45.
Rb8+ Ka6 46. Rxa7+ Kxa7 47. Rxb5 Ka6 48. Rb4 Ka5 49. Rb8 Nxb2 50. Ra8+ Kb5
51. Rb8+ Kc6 52. Kf1 Na4 53. Ne7+ Kd7 54. Rxh8 Kxe7 55. Rb8 b2 56. Ke1 Kd7
57. Kd2 Kc7 58. Rb4 Nxc3 59. Kxc3 b1=Q 60. Rxb1 { Black resigns } 1-0

[Event "ICC tourney 2556 (25 5)"]
[Site "Internet Chess Club"]
[Date "2021.05.08"]
[Round "1"]
[White "KHAN, ARMAAN:K05-16945063"]
[Black "YUEDUO XU, ANDY:K05-16732301"]
[Result "0-1"]
[ICCResult "White checkmated"]
[WhiteElo "659"]
[BlackElo "1438"]
[Opening "Sicilian defense"]
[ECO "B20"]
[NIC "SI.48"]
[Time "11:31:53"]
[PlyCount "108"]
[TimeControl "1500+5"]

1. e4 c5 2. d3 Nc6 3. c3 d5 4. exd5 Qxd5 5. Nf3 Nf6 6. Be2 e6 7. O-O Be7 8.
Nbd2 O-O 9. Re1 b6 10. c4 Qd8 11. Qa4 Bb7 12. Qd1 Nd4 13. Nxd4 Qxd4 14. Bf3
Bxf3 15. Nxf3 Qd6 16. h3 Rfd8 17. Re3 Nd7 18. Re1 Bf6 19. Bg5 Bxb2 20. Bxd8
Bxa1 21. Bxb6 Bc3 22. Bc7 Qxc7 23. Re3 Bd4 24. Re4 Nf6 25. Rh4 Rd8 26. Ng5
Qb6 27. Qf3 h6 28. Ne4 Qb1+ 29. Kh2 Nxe4 30. Rxe4 Qxa2 31. Re2 Qa1 32. Qb7
Be5+ 33. f4 Bxf4+ 34. g3 Be5 35. Rf2 Rf8 36. Re2 Bd6 37. Qc6 Qd1 38. Rg2
Qxd3 39. Rg1 Be5 40. Rg2 Qxc4 41. Qf3 a5 42. Qd1 a4 43. Rc2 Qb3 44. Qe2 a3
45. Qg2 Bxg3+ 46. Qxg3 Qxc2+ 47. Kg1 a2 48. Qa3 Qd1+ 49. Kf2 a1=Q 50. Qxa1
Qxa1 51. h4 Rd8 52. h5 Qa3 53. Kg2 Rd2+ 54. Kf1 Qc1# { White checkmated }
0-1

[Event "ICC tourney 2556 (25 5)"]
[Site "Internet Chess Club"]
[Date "2021.05.08"]
[Round "1"]
[White "SAHASRABUDHE, KIAN:K05-17071227"]
[Black "BUPESHNATH, ARJUN:K05-15891702"]
[Result "1-0"]
[ICCResult "Black checkmated"]
[WhiteElo "121"]
[BlackElo "1035"]
[Opening "Four knights: Spanish variation"]
[ECO "C48"]
[NIC "KP.03"]
[Time "11:32:25"]
[PlyCount "145"]
[TimeControl "1500+5"]

1. e4 e5 2. Nf3 Nc6 3. Nc3 Nf6 4. Bb5 d6 5. d4 exd4 6. Nxd4 Bd7 7. Nxc6
Bxc6 8. Bxc6+ bxc6 9. O-O Be7 10. Bf4 O-O 11. Re1 Rb8 12. Rb1 Rb4 13. Bd2
Rb7 14. f4 Re8 15. Kh1 Qb8 16. b3 Nd7 17. e5 Nc5 18. Be3 d5 19. Bd4 Qc8 20.
Re3 Qf5 21. Rf3 Ne4 22. Nxe4 dxe4 23. Rf1 h5 24. Qe2 Rd8 25. Be3 a6 26.
Qxa6 Rbb8 27. Qxc6 Rbc8 28. Qc3 c5 29. Qe1 c4 30. bxc4 Rxc4 31. Rb2 Rdc8
32. Rf2 Ba3 33. Rb3 Be7 34. Qb1 Kh7 35. h3 Bh4 36. Re2 Rd8 37. Bf2 Qxf4 38.
Bxh4 Qxh4 39. c3 Qf4 40. Rb4 Rxc3 41. Qxe4+ Qxe4 42. Rbxe4 Rd1+ 43. Re1
Rxe1+ 44. Rxe1 Ra3 45. Re2 Kg6 46. Kg1 Kf5 47. Kf2 Ke6 48. g3 Kd5 49. h4
Kc4 50. e6 fxe6 51. Rxe6 Rxa2+ 52. Kf3 Ra3+ 53. Kf4 Ra5 54. Re5 Rxe5 55.
Kxe5 Kd3 56. Kf5 Ke3 57. Kg5 g6 58. Kxg6 Kf3 59. Kxh5 Kxg3 60. Kg5 Kf3 61.
h5 Ke4 62. h6 Ke5 63. h7 Kd5 64. h8=Q Ke4 65. Qf6 Kd5 66. Kf4 Kc5 67. Ke4
Kc4 68. Qd6 Kc3 69. Qd4+ Kb3 70. Kd3 Ka3 71. Qb6 Ka4 72. Kc4 Ka3 73. Qb3# {
Black checkmated } 1-0

[Event "ICC tourney 2556 (25 5)"]
[Site "Internet Chess Club"]
[Date "2021.05.08"]
[Round "1"]
[White "GHODAKE, SPARSH:K05-16884947"]
[Black "MANU, SHASHANK:K05-16671710"]
[Result "1-0"]
[ICCResult "Black forfeits on time"]
[WhiteElo "1242"]
[BlackElo "535"]
[Opening "English, 1...Nf6 (Anglo-Indian defense)"]
[ECO "A15"]
[NIC "EO.64"]
[Time "11:30:29"]
[PlyCount "57"]
[TimeControl "1500+5"]

1. c4 Nf6 2. g3 g6 3. Bg2 Bg7 4. Nc3 c6 5. e4 e5 6. d3 d6 7. Be3 Nbd7 8.
Nge2 O-O 9. O-O Nh5 10. Qd2 Ndf6 11. Bh6 Bxh6 12. Qxh6 Ng4 13. Qd2 f5 14.
h3 Ngf6 15. exf5 gxf5 16. Kh2 Qe7 17. Rae1 Qg7 18. Rg1 Kh8 19. Nd1 Rg8 20.
Ne3 Qd7 21. Nf1 Qe6 22. b3 e4 23. Nf4 Nxf4 24. Qxf4 Nh5 25. Qh4 Nf6 26. f3
Qf7 27. fxe4 fxe4 28. dxe4 Qh5 29. Qxf6+ { Black forfeits on time } 1-0

[Event "ICC tourney 2556 (25 5)"]
[Site "Internet Chess Club"]
[Date "2021.05.08"]
[Round "1"]
[White "LI, GABRIEL:K05-16325722"]
[Black "CALLENS, JAEL:K05-17208461"]
[Result "1-0"]
[ICCResult "Black checkmated"]
[WhiteElo "480"]
[BlackElo "1207"]
[Opening "Sicilian: closed, 2...Nc6"]
[ECO "B23"]
[NIC "SI.44"]
[Time "11:40:58"]
[PlyCount "113"]
[TimeControl "1500+5"]

1. e4 c5 2. Nc3 Nc6 3. Nf3 e5 4. Bb5 d6 5. Bxc6+ bxc6 6. d3 Nf6 7. Bg5 Be7
8. O-O O-O 9. a3 Be6 10. Bxf6 Bxf6 11. Nd2 Bh4 12. Nf3 Bg5 13. Nxg5 Qxg5
14. g3 Bg4 15. f3 Bh3 16. Rf2 f5 17. f4 exf4 18. Rxf4 fxe4 19. Nxe4 Qg6 20.
Rxf8+ Rxf8 21. Nf2 Be6 22. Ne4 Bh3 23. Nf2 Be6 24. Kg2 Qf5 25. Qf1 Qh5 26.
Re1 Rf6 27. Qe2 Qd5+ 28. Ne4 Rf8 29. Kg1 Bh3 30. b3 Qd4+ 31. Nf2 Qd5 32.
Nxh3 Qd4+ 33. Nf2 Qf6 34. Rf1 Qd4 35. Qe4 Qf6 36. Qxc6 a5 37. Qd5+ Kh8 38.
h4 h6 39. Qg2 Qf5 40. Nh3 Qc8 41. Rxf8+ Qxf8 42. Qf2 Qe7 43. d4 cxd4 44.
Qxd4 Qe1+ 45. Kh2 Qe2+ 46. Qf2 Qe8 47. Nf4 Qf7 48. b4 axb4 49. axb4 Qb7 50.
Nd3 Qe7 51. b5 Qb7 52. b6 Qf7 53. Qxf7 d5 54. b7 d4 55. b8=Q+ Kh7 56. Qf5+
g6 57. Qf7# { Black checkmated } 1-0

[Event "ICC tourney 2556 (25 5)"]
[Site "Internet Chess Club"]
[Date "2021.05.08"]
[Round "1"]
[White "BALIGAR, SELENA:K05-16364746"]
[Black "OSCAR LI, JINGTU:K05-16113408"]
[Result "0-1"]
[ICCResult "White checkmated"]
[WhiteElo "635"]
[BlackElo "1407"]
[Opening "King's Indian: Torre attack"]
[ECO "A48"]
[NIC "QP.01"]
[Time "12:02:41"]
[PlyCount "82"]
[TimeControl "1500+5"]

1. d4 Nf6 2. Nf3 g6 3. Bg5 Bg7 4. Bxf6 Bxf6 5. Nc3 O-O 6. e4 c6 7. e5 Bg7
8. Bd3 d5 9. O-O b6 10. a4 c5 11. Re1 Nc6 12. Bb5 Bb7 13. Bxc6 Bxc6 14.
dxc5 bxc5 15. e6 Qd6 16. exf7+ Rxf7 17. Nb5 Bxb5 18. axb5 Bxb2 19. Ng5 Rf5
20. Re6 Qd7 21. Raa6 Rxg5 22. Qe2 Re8 23. b6 axb6 24. Raxb6 Bd4 25. h4 Rf5
26. Qg4 Rf6 27. h5 Qa4 28. Rxf6 Bxf2+ 29. Rxf2 Qxg4 30. Rb3 Qxh5 31. Rh3
Qe5 32. g3 d4 33. g4 c4 34. Rfh2 Qe1+ 35. Kg2 Rf8 36. Rxh7 Qf1+ 37. Kg3
Qf3+ 38. Kh4 Kxh7 39. Kg5+ Kg7 40. Rh6 Rf5+ 41. gxf5 Qg3# { White
checkmated } 0-1

[Event "ICC tourney 2556 (25 5)"]
[Site "Internet Chess Club"]
[Date "2021.05.08"]
[Round "1"]
[White "MUTHURAMAN, ADWAIYTH:K05-16450607"]
[Black "ULUGBEKOVICH KHASANOV, ALISHER:K05-17028741"]
[Result "0-1"]
[ICCResult "White checkmated"]
[WhiteElo "499"]
[BlackElo "1227"]
[Opening "Dutch"]
[ECO "A80"]
[NIC "HD.12"]
[Time "11:57:18"]
[PlyCount "72"]
[TimeControl "1500+5"]

1. d4 f5 2. Bf4 Nf6 3. e3 d6 4. Nf3 g6 5. Bd3 Bg7 6. Nbd2 O-O 7. O-O Nh5 8.
Qe2 Nxf4 9. exf4 Nc6 10. Bc4+ Kh8 11. Rfe1 d5 12. Bb3 e6 13. c4 Nxd4 14.
Nxd4 Bxd4 15. Rab1 Bg7 16. Nf3 h6 17. Red1 c6 18. Ne5 Bxe5 19. Qxe5+ Qf6
20. Qd6 Rd8 21. Qb4 b6 22. a4 c5 23. Qe1 Bb7 24. a5 d4 25. Ra1 d3 26. Rxd3
Rxd3 27. axb6 axb6 28. Rxa8+ Bxa8 29. Bc2 Rd4 30. Qa1 Qd8 31. h3 Rxc4 32.
Bb3 Re4 33. Bc2 Rxf4 34. b3+ Kg8 35. Qe1 Qd5 36. g3 Qg2# { White checkmated
} 0-1

[Event "ICC tourney 2556 (25 5)"]
[Site "Internet Chess Club"]
[Date "2021.05.08"]
[Round "1"]
[White "VEMPARALA, NIKASH:K05-16438800"]
[Black "DAMBAL, SASHA:K05-30022386"]
[Result "1-0"]
[ICCResult "Black resigns"]
[WhiteElo "1764"]
[BlackElo "821"]
[Opening "Giuoco Piano"]
[ECO "C54"]
[NIC "IG.02"]
[Time "11:31:13"]
[PlyCount "125"]
[TimeControl "1500+5"]

1. e4 e5 2. Nf3 Nc6 3. Bc4 Bc5 4. c3 Nf6 5. d3 O-O 6. O-O d6 7. a4 a6 8.
Nbd2 Qe7 9. h3 Be6 10. b4 Bxc4 11. Nxc4 Ba7 12. Be3 b5 13. axb5 axb5 14.
Ncd2 Bxe3 15. fxe3 Ra7 16. Rxa7 Nxa7 17. Qc2 c6 18. Ra1 Ra8 19. Nb3 h6 20.
Na5 Nc8 21. Kh2 Qc7 22. c4 bxc4 23. Qxc4 c5 24. Rc1 Nb6 25. Qb5 Nfd7 26.
Nb3 Rc8 27. Nfd2 Kh7 28. Nc4 Qc6 29. Qxc6 Rxc6 30. Nxb6 Rxb6 31. Nd2 cxb4
32. Nc4 Rb8 33. Nxd6 f6 34. Kg3 b3 35. Nc4 Nc5 36. Nb2 Ne6 37. Rc3 Kg6 38.
Kf3 Kg5 39. g3 h5 40. h4+ Kh6 41. Ke2 g5 42. Rc6 Ra8 43. Kd2 Nd8 44. Rxf6+
Kg7 45. Rb6 Ra1 46. Rxb3 Rg1 47. Ke2 Rxg3 48. hxg5 Rxg5 49. Nc4 Nf7 50. Rb1
h4 51. Rh1 Rh5 52. Kf3 Rh8 53. Kg4 h3 54. Rxh3 Rxh3 55. Kxh3 Ng5+ 56. Kg4
Kf6 57. Nxe5 Kxe5 58. Kxg5 Ke6 59. d4 Kd6 60. Kf6 Kd7 61. Kf7 Kd6 62. e5+
Kd7 63. e6+ { Black resigns } 1-0

[Event "ICC tourney 2556 (25 5)"]
[Site "Internet Chess Club"]
[Date "2021.05.08"]
[Round "1"]
[White "JIANG, LUCAS:K05-16314627"]
[Black "BUCHIREDDY, ARYAN:K05-17330263"]
[Result "1-0"]
[ICCResult "Black checkmated"]
[WhiteElo "1953"]
[BlackElo "843"]
[Opening "French: Tarrasch, open, 4.ed ed"]
[ECO "C08"]
[NIC "FR.20"]
[Time "11:33:37"]
[PlyCount "51"]
[TimeControl "1500+5"]

1. e4 e6 2. d4 d5 3. Nd2 c5 4. exd5 exd5 5. Bb5+ Nc6 6. Ngf3 Nf6 7. O-O Be7
8. dxc5 Bxc5 9. Re1+ Be6 10. Nb3 Bb6 11. Nbd4 Qd6 12. Nf5 Qf8 13. Ne5 Rc8
14. Bf4 Kd8 15. Nd6 Rc7 16. Nxb7+ Rxb7 17. Nxc6+ Kc8 18. Qe2 Qc5 19. b4 Bg4
20. bxc5 Bxe2 21. Bxe2 Bc7 22. Ba6 Bxf4 23. Na5 Bd2 24. Bxb7+ Kc7 25. Re7+
Kb8 26. Nc6# { Black checkmated } 1-0

[Event "ICC tourney 2556 (25 5)"]
[Site "Internet Chess Club"]
[Date "2021.05.08"]
[Round "2"]
[White "WILLY, STEPHEN:K05-17088783"]
[Black "XIA, CHENXIANG:K05-16930170"]
[Result "1-0"]
[ICCResult "Black resigns"]
[WhiteElo "1643"]
[BlackElo "1084"]
[Opening "Giuoco Piano"]
[ECO "C50"]
[NIC "IG.02"]
[Time "13:33:22"]
[PlyCount "25"]
[TimeControl "1500+5"]

1. e4 e5 2. Nf3 Nc6 3. Bc4 Bc5 4. O-O Nf6 5. c3 Nxe4 6. d4 exd4 7. cxd4 Bb6
8. d5 Na5 9. Bd3 Nc5 10. b4 Nxd3 11. Qxd3 Qf6 12. Re1+ Kd8 13. Bg5 { Black
resigns } 1-0

[Event "ICC tourney 2556 (25 5)"]
[Site "Internet Chess Club"]
[Date "2021.05.08"]
[Round "2"]
[White "REMPE, LENNIK:K05-15868931"]
[Black "SAHASRABUDHE, KIAN:K05-17071227"]
[Result "1-0"]
[ICCResult "Black resigns"]
[WhiteElo "1235"]
[BlackElo "121"]
[Opening "Four knights: symmetrical variation"]
[ECO "C49"]
[NIC "KP.03"]
[Time "13:34:35"]
[PlyCount "37"]
[TimeControl "1500+5"]

1. e4 e5 2. Nf3 Nc6 3. Nc3 Nf6 4. Bb5 Bb4 5. d3 d6 6. O-O O-O 7. Bg5 Bg4 8.
Nd5 a6 9. Bxc6 bxc6 10. Nxb4 c5 11. Nd5 h6 12. Nxf6+ gxf6 13. Bxh6 Re8 14.
Qe2 Kh7 15. Qe3 Rg8 16. Nh4 Qd7 17. f3 Be6 18. f4 Rae8 19. f5 { Black
resigns } 1-0

[Event "ICC tourney 2556 (25 5)"]
[Site "Internet Chess Club"]
[Date "2021.05.08"]
[Round "2"]
[White "FISHER, WYLIE:K05-16746762"]
[Black "JOHN DETTMER, JAMES:K05-17011887"]
[Result "1-0"]
[ICCResult "Black checkmated"]
[WhiteElo "743"]
[BlackElo "159"]
[Opening "Alekhine's defense"]
[ECO "B07"]
[NIC "AL.10"]
[Time "13:34:07"]
[PlyCount "37"]
[TimeControl "1500+5"]

1. e4 Nf6 2. Nc3 d6 3. d4 Be6 4. Nf3 Qc8 5. h3 d5 6. e5 Nh5 7. Ng5 h6 8.
Nxe6 fxe6 9. Qxh5+ g6 10. Qxg6+ Kd8 11. Bb5 Nc6 12. Bg5 hxg5 13. Bxc6 bxc6
14. Na4 Rb8 15. Nc5 Rg8 16. Qxg8 Ke8 17. Qg6+ Kd8 18. Qf7 Rxb2 19. Qxf8# {
Black checkmated } 1-0

[Event "ICC tourney 2556 (25 5)"]
[Site "Internet Chess Club"]
[Date "2021.05.08"]
[Round "2"]
[White "KEEL, MYLAN:K05-17256996"]
[Black "ZHAO, BRYAN:K05-16690808"]
[Result "0-1"]
[ICCResult "White checkmated"]
[WhiteElo "189"]
[BlackElo "744"]
[Opening "Queen's pawn game"]
[ECO "A45"]
[NIC "QP.07"]
[Time "13:33:41"]
[PlyCount "28"]
[TimeControl "1500+5"]

1. d4 Nf6 2. e3 g6 3. Nf3 Bg7 4. Bd2 O-O 5. Ng5 d6 6. Qf3 h6 7. Ne4 Nbd7 8.
Nxf6+ Nxf6 9. Nc3 c5 10. e4 cxd4 11. Nd5 Nxd5 12. exd5 Qb6 13. O-O-O d3 14.
cxd3 Qxb2# { White checkmated } 0-1

[Event "ICC tourney 2556 (25 5)"]
[Site "Internet Chess Club"]
[Date "2021.05.08"]
[Round "2"]
[White "SHAH, NIKHIL:K05-16252950"]
[Black "BLACKWOOD, ZAHIR:K05-16439887"]
[Result "0-1"]
[ICCResult "White resigns"]
[WhiteElo "865"]
[BlackElo "487"]
[Opening "Ruy Lopez: exchange variation"]
[ECO "C68"]
[NIC "RL.08"]
[Time "13:33:03"]
[PlyCount "32"]
[TimeControl "1500+5"]

1. e4 e5 2. Nf3 Nc6 3. Bb5 a6 4. Bxc6 bxc6 5. Nxe5 Nf6 6. Nc3 Bd6 7. d4 O-O
8. O-O c5 9. Ng4 cxd4 10. Nxf6+ Qxf6 11. Re1 dxc3 12. e5 Bxe5 13. Qe2 Re8
14. f4 Bd4+ 15. Kh1 Rxe2 16. Rxe2 Bb7 { White resigns } 0-1

[Event "ICC tourney 2556 (25 5)"]
[Site "Internet Chess Club"]
[Date "2021.05.08"]
[Round "2"]
[White "T LI, JUSTIN:K05-16435402"]
[Black "YANG, ANGIE:K05-16341612"]
[Result "1-0"]
[ICCResult "Black resigns"]
[WhiteElo "511"]
[BlackElo "932"]
[Opening "Giuoco Pianissimo: Canal variation"]
[ECO "C50"]
[NIC "IG.02"]
[Time "13:34:44"]
[PlyCount "39"]
[TimeControl "1500+5"]

1. e4 e5 2. Nf3 Nc6 3. Bc4 Bc5 4. Nc3 Nf6 5. d3 d6 6. Bg5 h6 7. Bxf6 Qxf6
8. Nd5 Qd8 9. c3 Be6 10. d4 Bb6 11. Nxb6 axb6 12. Bxe6 fxe6 13. Qd3 exd4
14. cxd4 e5 15. d5 Nb4 16. Qb5+ Nc6 17. dxc6 Qc8 18. cxb7+ Qd7 19. bxa8=Q+
Kf7 20. Qxd7+ { Black resigns } 1-0

[Event "ICC tourney 2556 (25 5)"]
[Site "Internet Chess Club"]
[Date "2021.05.08"]
[Round "2"]
[White "RAO, SUNAY:K05-16538751"]
[Black "WANG JIA, TRISTAN:K05-17245906"]
[Result "0-1"]
[ICCResult "White checkmated"]
[WhiteElo "480"]
[BlackElo "887"]
[Opening "Giuoco Piano: four knights variation"]
[ECO "C47"]
[NIC "KP.06"]
[Time "13:34:12"]
[PlyCount "52"]
[TimeControl "1500+5"]

1. e4 e5 2. Nf3 Nc6 3. Nc3 Nf6 4. Bc4 Bc5 5. O-O d6 6. d3 Bg4 7. h3 Bh5 8.
Bg5 h6 9. Bxf6 Qxf6 10. Qd2 Bxf3 11. gxf3 Qg6+ 12. Kh1 Qh5 13. Kh2 Nd4 14.
Nd5 Nxf3+ 15. Kg2 Nxd2 16. Nxc7+ Kf8 17. Rfd1 Qf3+ 18. Kh2 Qxf2+ 19. Kh1
Qf3+ 20. Kh2 Qf4+ 21. Kg2 Qf3+ 22. Kh2 Qe2+ 23. Kg3 Qf2+ 24. Kg4 h5+ 25.
Kg5 f6+ 26. Kg6 Rh6# { White checkmated } 0-1

[Event "ICC tourney 2556 (25 5)"]
[Site "Internet Chess Club"]
[Date "2021.05.08"]
[Round "2"]
[White "BALAMURUGAN, ABHIJAY:K05-16913354"]
[Black "WOO, ALEXANDER:K05-17096034"]
[Result "1-0"]
[ICCResult "Black checkmated"]
[WhiteElo "1242"]
[BlackElo "850"]
[Opening "Giuoco Piano"]
[ECO "C50"]
[NIC "IG.02"]
[Time "13:32:58"]
[PlyCount "69"]
[TimeControl "1500+5"]

1. e4 e5 2. Nf3 Nc6 3. Bc4 Bc5 4. O-O Nf6 5. Nc3 O-O 6. d3 h6 7. Be3 Bxe3
8. fxe3 d6 9. d4 Re8 10. dxe5 dxe5 11. Bb5 Qxd1 12. Raxd1 Bd7 13. Nd5 Nxd5
14. exd5 Nb8 15. Bc4 c6 16. dxc6 Bxc6 17. Nh4 Rf8 18. Ng6 Rc8 19. Bxf7+ Kh7
20. Nxe5 Na6 21. Bg6+ Kh8 22. Nf7+ Kg8 23. Nd6 Rf8 24. Nf7 Bb5 25. Rf4 Be8
26. Rdf1 Nc7 27. Nxh6+ gxh6 28. Rxf8+ Kg7 29. Bxe8 Rxe8 30. R1f7+ Kg6 31.
Rf6+ Kg5 32. Rf5+ Kg4 33. h3+ Kh4 34. Kh2 Rxf8 35. g3# { Black checkmated }
1-0